 Dungeon Crawl Stone Soup version 0.26.0-20-g3ca415f5b8 (webtiles) character file.

Game seed: 17085381274403039700

3448 Kullinuha the Cleaver (level 9, -6/81 HPs)
             Began as a Minotaur Fighter on Jan 13, 2021.
             Was an Elder of Elyvilon.
             Mangled by a two-headed ogre
             ... wielding a +0 giant spiked club
              (20 damage)
             ... on level 7 of the Dungeon on Jan 24, 2021.
             The game lasted 02:04:50 (8312 turns).

Kullinuha the Cleaver (Minotaur Fighter)            Turns: 8312, Time: 02:04:51

Health: -6/81      AC:  6    Str: 21    XL:     9   Next: 77%
Magic:  6/8        EV: 11    Int:  5    God:    Elyvilon [****..]
Gold:   163        SH: 10    Dex: 13    Spells: 8/8 levels left

rFire    . . .     SeeInvis .   G - +1 morningstar (holy)
rCold    . . .     Faith    .   c - +0 kite shield
rNeg     . . .     Spirit   .   C - +3 leather armour
rPois    .         Reflect  .   (helmet restricted)
rElec    .         Harm     .   (no cloak)
rCorr    .         Rampage  .   (no gloves)
Will     .....                  (no boots)
Stlth    +.........             v - amulet of the acrobat
HPRegen  0.23/turn              (no ring)
MPRegen  0.11/turn              (no ring)

@: no status effects
A: retaliatory headbutt, horns 2
a: Renounce Religion, Lesser Healing, Heal Other, Purification, Greater Healing,
Divine Protection


You were on level 7 of the Dungeon.
You worshipped Elyvilon.
Elyvilon was greatly pleased with you.
You visited 2 branches of the dungeon, and saw 9 of its levels.

You collected 229 gold pieces.
You spent 66 gold pieces at shops.

Inventory:

Hand Weapons
 a - a +1 war axe
 o - a +0 spectral quarterstaff
 s - a +1 dagger of protection
 w - a +2 flail of draining
 G - a +1 morningstar of holy wrath (weapon)
Missiles
 j - 106 stones (quivered)
Armour
 b - a +0 scale mail
 c - a +0 kite shield (worn)
 d - a +1 robe of fire resistance
 f - a +1 ring mail of poison resistance
 t - a +0 ring mail
 y - a +0 leather armour of poison resistance
 C - a +3 leather armour (worn)
Jewellery
 v - an amulet of the acrobat (around neck)
 F - the amulet "Mydi" {Faith rPois Int+5 Slay+3}
   (You took it off a centaur on level 7 of the Dungeon)

   [amulet of faith]

   It allows you to gain divine favour quickly.
   It affects your intelligence (+5).
   It affects your accuracy and damage with ranged weapons and melee attacks
   (+3).
   It protects you from poison.
Wands
 u - a wand of random effects (10)
 D - a wand of iceblast (17)
 E - a wand of polymorph (8)
Scrolls
 g - 3 scrolls of remove curse
 l - 3 scrolls of teleportation
 n - 4 scrolls of fog
 r - 11 scrolls of identify
 x - a scroll of fear {unknown}
 A - 2 scrolls of amnesia {unknown}
 B - a scroll of immolation {unknown}
Potions
 e - 2 potions of heal wounds
 h - 3 potions of lignification {unknown}
 i - 2 potions of curing
 k - 2 potions of attraction {unknown}
 m - 5 potions of brilliance {unknown}
 p - 2 potions of haste
 q - 3 potions of flight {unknown}
 z - a potion of mutation {unknown}


   Skills:
 * Level 7.9 Fighting
 * Level 11.0 Axes
 * Level 5.4 Throwing
 + Level 6.0 Armour
 + Level 3.1 Dodging
 + Level 6.5 Shields


You had 8 spell levels left.
You didn't know any spells.
Your spell library was empty.

Dungeon Overview and Level Annotations

Branches:
Dungeon (8/15)             Temple (1/1) D:7
   Lair: D:8-11

Altars:
Ashenzari
Cheibriados
Dithmenos
Elyvilon
Fedhas
Gozag
Hepliaklqana
Kikubaaqudgha
Makhleb
Nemelex Xobeh
Okawaru
Qazlal
Ru
Sif Muna
Vehumet
Wu Jian
Xom
Yredelemnul
Zin
The Shining One

Shops:
D:4 *


Innate Abilities, Weirdness & Mutations

You reflexively headbutt those who attack you in melee.
You have a pair of horns on your head.


Message History

The orc barely misses you.
The two-headed ogre completely misses you. x2
Your shield prevents you from hitting the orc.
The orc hits you with a +0 flail.
You impale the orc!!
You kill the orc!
You barely miss the two-headed ogre.
The two-headed ogre is severely wounded.
You block the two-headed ogre's attack.
The two-headed ogre hits you with a +0 giant club!
You hit the two-headed ogre.
Your headbutt misses the two-headed ogre.
The two-headed ogre is severely wounded.
The two-headed ogre hits you with a +0 giant spiked club!
The two-headed ogre barely misses you.
You are healed.
The two-headed ogre hits you with a +0 giant spiked club!!
* * * LOW HITPOINT WARNING * * *
The two-headed ogre hits you with a +0 giant club!!
You die...

...(.........................>...
#(#####.........##....(..........
..# #...............(..........
### #..........#..((..>........
#..........#..(...[........
#..........#.((..(.........
#..........#...............
#..........#...............
#[........@O......<........
#.........##...............
#....................^.....
#..........#...............
##########.#...............
#.#...............
############.#...............
#.........##.#........<......
#.#######.##.#...............


You could see a two-headed ogre.

Vanquished Creatures
  Joseph (D:7)
  Prince Ribbit (D:5)
  Sigmund (D:4)
  Eustachio (D:5)
  Menkaure (D:5)
  Edmund (D:4)
  Duvessa (D:7)
  3 ice beasts
  An orc warrior (D:7)
  A sky beast (D:6)
  3 ogres
  5 centaurs
  A bullfrog (D:6)
  Dowan (D:7)
  3 scorpions
  A howler monkey (D:7)
  A bullfrog skeleton (D:7)
  5 orc priests
  2 hounds
  Jessica (D:3)
  3 iguanas
  4 orc wizards
  3 worker ants
  Robin (D:3)
  10 gnolls
  14 adders
  A white imp (D:7)
  An adder zombie (D:5)
  3 worms
  4 leopard geckos
  25 orcs
  4 giant cockroaches
  7 hobgoblins
  4 kobolds
  2 ball pythons
  10 bats
  4 frilled lizards
  A giant cockroach zombie (D:5)
  11 goblins
  A jackal skeleton (D:5)
  A leopard gecko skeleton (D:5)
  A quokka skeleton (D:4)
  5 rats
155 creatures vanquished.

Notes
Turn   | Place    | Note
-------+----------+-------------------------------------------
     0 | D:1      | Kullinuha the Minotaur Fighter began the quest for the Orb.
     0 | D:1      | Reached XP level 1. HP: 19/19 MP: 0/0
   414 | D:1      | Reached XP level 2. HP: 25/27 MP: 1/1
   709 | D:2      | Found a white marble altar of Elyvilon.
   727 | D:2      | Reached skill level 3 in Axes
   732 | D:2      | Became a worshipper of Elyvilon the Healer
   741 | D:2      | Reached XP level 3. HP: 33/33 MP: 2/2
  1103 | D:2      | Found a sparkling altar of Nemelex Xobeh.
  1104 | D:2      | Found an opulent altar of Gozag.
  1116 | D:2      | Upgraded the game from 0.26.0-9-gab577f9fc5 to
                  | 0.26.0-10-g1f06aea511
  1252 | D:2      | Reached XP level 4. HP: 32/40 MP: 3/3
  1779 | D:3      | Noticed Robin
  1801 | D:3      | Killed Robin
  1896 | D:3      | Upgraded the game from 0.26.0-10-g1f06aea511 to
                  | 0.26.0-11-g8f856b5395
  1944 | D:3      | Reached skill level 4 in Axes
  1944 | D:3      | Reached skill level 1 in Throwing
  1949 | D:3      | Reached XP level 5. HP: 35/47 MP: 4/4
  1951 | D:3      | Reached skill level 1 in Dodging
  2643 | D:3      | Noticed Jessica
  2656 | D:3      | Killed Jessica
  2672 | D:3      | Reached skill level 5 in Axes
  2677 | D:3      | Reached XP level 6. HP: 41/55 MP: 5/5
  2775 | D:3      | Reached * piety under Elyvilon
  3185 | D:4      | Noticed Edmund
  3204 | D:4      | Killed Edmund
  3205 | D:4      | Reached skill level 5 in Fighting
  3555 | D:4      | Upgraded the game from 0.26.0-11-g8f856b5395 to
                  | 0.26.0-15-gc6cd9f700b
  3584 | D:4      | Noticed Sigmund
  3605 | D:4      | Upgraded the game from 0.26.0-15-gc6cd9f700b to
                  | 0.26.0-16-gc1dbca0489
  4108 | D:4      | Killed Sigmund
  4109 | D:4      | Reached skill level 6 in Axes
  4109 | D:4      | Reached XP level 7. HP: 59/61 MP: 6/6
  4288 | D:4      | Reached skill level 5 in Armour
  4501 | D:4      | Reached skill level 7 in Axes
  4645 | D:4      | Reached ** piety under Elyvilon
  4646 | D:4      | Found a shimmering altar of Xom.
  4647 | D:4      | Found a shimmering altar of Xom.
  4654 | D:4      | Found a shimmering altar of Xom.
  4656 | D:4      | Found a shimmering altar of Xom.
  4806 | D:4      | Found Anaum's General Store.
  4837 | D:4      | Bought a scroll of identify for 22 gold pieces
  4837 | D:4      | Bought a scroll of identify for 22 gold pieces
  4837 | D:4      | Bought a scroll of identify for 22 gold pieces
  4852 | D:5      | Entered Level 5 of the Dungeon
  4977 | D:5      | Reached skill level 5 in Shields
  4977 | D:5      | Reached XP level 8. HP: 59/70 MP: 7/7
  5039 | D:5      | Reached skill level 8 in Axes
  5075 | D:5      | Noticed Prince Ribbit
  5160 | D:5      | Killed Prince Ribbit
  5214 | D:5      | Noticed Eustachio
  5238 | D:5      | Killed Eustachio
  5239 | D:5      | Reached skill level 9 in Axes
  5574 | D:5      | Noticed Menkaure
  5582 | D:5      | Killed Menkaure
  5974 | D:6      | Reached *** piety under Elyvilon
  6354 | D:6      | Reached XP level 9. HP: 70/78 MP: 8/8
  6696 | D:6      | Reached **** piety under Elyvilon
  6718 | D:6      | Reached skill level 10 in Axes
  6865 | D:6      | Upgraded the game from 0.26.0-16-gc1dbca0489 to
                  | 0.26.0-18-gc5c842f807
  7081 | D:7      | Identified the amulet "Mydi" {Faith rPois Int+5 Slay+3}
  7428 | D:7      | Noticed Joseph
  7451 | D:7      | Killed Joseph
  7452 | D:7      | Reached skill level 5 in Throwing
  7664 | D:7      | Noticed Duvessa
  7666 | D:7      | Noticed Dowan
  7682 | D:7      | Killed Duvessa
  7683 | D:7      | Reached skill level 11 in Axes
  7685 | D:7      | Killed Dowan
  7783 | D:7      | Upgraded the game from 0.26.0-18-gc5c842f807 to
                  | 0.26.0-20-g3ca415f5b8
  7875 | D:7      | Found a staircase to the Ecumenical Temple.
  7882 | Temple   | Entered the Ecumenical Temple
  8120 | D:8      | Noticed a two-headed ogre
  8312 | D:7      | Mangled by a two-headed ogre

Illustrated notes

Levels and vault maps discovered:
D:1:      minmay_arrival_loop, layout_loops_ring, minivault_24
D:2:      layout_loops_ring, grunt_temple_overflow_opulence, elyvilon_altar_3
D:3:      layout_basic, marbit_many_paths, uniq_robin, uniq_jessica, uniq_ijyb
D:4:      layout_basic, serial_shops, shop_fountains, xom_redecorated,
          uniq_sigmund, uniq_edmund
D:5:      layout_basic, uniq_eustachio, uniq_menkaure, uniq_prince_ribbit1
D:6:      layout_layer_cave
D:7:      layout_basic, nicolae_overflow_crystal_walls,
          minmay_temple_entry_butterflies, grunt_ogre_cave, uniq_duvessa,
          uniq_harold, uniq_joseph
D:8:      layout_gridville, grunt_lair_entry_orc_guard_hut, serial_shops, shop,
          uniq_psyche, uniq_pikel
Temple:   compressed_dpeg_circular_temple

Skill      XL: |  1  2  3  4  5  6  7  8  9 |
---------------+----------------------------+-----
Fighting       | 4 5 6 7 |  7.9
Shields        | 4 5 6 |  6.5
Axes           | 3 4 5 6 7 9 11 | 11.0
Armour         | 4 5 6 |  6.0
Throwing       | 1 2 3 4 5 |  5.4
Dodging        | 1 2 3 |  3.1

Action                   |  1- 3 |  4- 6 |  7- 9 || total
-------------------------+-------+-------+-------++-------
Melee: War axe           |    80 |   147 |   194 ||   421
       Headbutt          |    11 |    31 |    56 ||    98
       Morningstar       |       |       |    74 ||    74
Throw: Stone             |       |    18 |   112 ||   130
Invok: Heal Other        |       |       |     3 ||     3
       Lesser Healing    |       |       |     1 ||     1
       Greater Healing   |       |       |     1 ||     1
  Use: Scroll            |     5 |     1 |       ||     6
       Potion            |       |     1 |       ||     1
Armor: Scale mail        |    33 |       |       ||    33
       Ring mail         |       |    46 |    31 ||    77
       Leather armour    |       |       |    24 ||    24
Dodge: Dodged            |    18 |    34 |   104 ||   156
Block: Kite shield       |    52 |    61 |   143 ||   256
